 Dungeon Crawl Stone Soup version 0.29-a0-283-ga02f740833 (webtiles) character file.

Game seed: 5110213478567061706

37 Dabor the Skirmisher (level 3, -9/30 HPs)
             Began as a Formicid Abyssal Knight on Mar 13, 2022.
             Was a Believer of Lugonu.
             Killed by nerve-wracking pain
             ... invoked by Jessica
              (12 damage)
             ... on level 2 of the Dungeon.
             The game lasted 00:03:17 (1336 turns).

Dabor the Skirmisher (Formicid Abyssal Knight)      Turns: 1336, Time: 00:03:17

Health: -9/30      AC:  3    Str: 19    XL:     3   Next: 62%
Magic:  5/5        EV: 11    Int:  9    God:    Lugonu [**....]
Gold:   30         SH:  0    Dex: 11    Spells: 2/2 levels left

rFire   + . .      SeeInvis +   a - +1 spear
rCold   + . .      Faith    .   (no shield)
rNeg    . . .      Spirit   .   b - +0 leather armour
rPois   +          Reflect  .   (helmet unavailable)
rElec   +          Harm     .   (no cloak)
rCorr   +          Rampage  .   (no gloves)
Will    .....                   (no boots)
Stlth   +.........              (no amulet)
HPRegen 0.10/turn               (no ring)
MPRegen 0.09/turn               (no ring)

@: resistant
A: permanent stasis, dig shafts and tunnels, antennae 3, four strong arms
a: Dig, Shaft Self, Renounce Religion, Depart the Abyss, Bend Space


You were on level 2 of the Dungeon.
You worshipped Lugonu.
Lugonu was pleased with you.
You visited 1 branch of the dungeon, and saw 2 of its levels.
You visited the Abyss 1 time.

You collected 30 gold pieces.

Inventory:

Hand Weapons
 a - a +1 spear (weapon)
Missiles
 d - 5 poisoned darts
 g - 4 boomerangs
Armour
 b - a +0 leather armour (worn)
Scrolls
 e - a scroll of summoning {unknown}
 f - a scroll of enchant armour {unknown}
Potions
 h - a potion of resistance


   Skills:
 + Level 3.7 Fighting
 + Level 2.3 Polearms
 + Level 2.6 Armour
 + Level 1.3 Dodging
 + Level 2.7 Invocations


You had 2 spell levels left.
You didn't know any spells.
Your spell library contained the following spells:

 Spells                   Type           Power      Damage    Failure   Level
 Beastly Appendage        Tmut           0%         N/A       43%         1
 Wereblood                Tmut           0%         N/A       58%         2
 Spider Form              Tmut/Pois      0%         N/A       82%         3


Dungeon Overview and Level Annotations

Branches:
Dungeon (2/15)

Altars:
Fedhas

Annotations:
D:2 Jessica


Innate Abilities, Weirdness & Mutations

You cannot be hasted, slowed, berserked, paralysed or teleported.
You can dig through walls and to a lower floor.
You have a pair of large antennae on your head. (SInv)
Your four strong arms can wield two-handed weapons with a shield.


Message History

Jessica gestures at you while chanting.
Your stasis prevents you from being slowed.
Jessica casts a spell.
Jessica blinks!
Reach: a) +1 spear
Press: ? - help, Dir - move target, f - rat
Aim: a rat (about 38% to evade your +1 spear)
You reach to attack!
You barely miss the rat. You puncture the rat!
You kill the rat!
Lugonu accepts your kill.
You hear a zap.
Some rock shatters into small pieces.
Jessica mumbles some strange words.
Jessica blinks!
Press: ? - help, v - describe, . - travel
Here: Jessica, wielding a +2 dagger of speed, wearing a +0 robe and carrying a wand of digging (3) (moderately wounded)
The floor.
Jessica casts a spell.
Jessica blinks!
Reach: a) +1 spear
Press: ? - help, Dir - move target, f - Jessica
Aim: Jessica, wielding a +2 dagger of speed, wearing a +0 robe and carrying a wand of digging (3) (moderately wounded, about 38% to evade your +1 spear)
You reach to attack!
You barely miss Jessica.
Jessica is moderately wounded.
You hit Jessica.
Jessica is severely wounded.
Jessica barely misses you. Jessica casts a spell at you.
Pain shoots through your body!
* * * LOW HITPOINT WARNING * * *
It was a potion of resistance.
You feel protected. Jessica closely misses you.
As you read the scroll labelled NOOSOGA ISOG, it crumbles to dust.
It is a scroll of amnesia.
You feel forgetful for a moment.
Jessica points at you and mumbles some strange words.
Pain shoots through your body!
You die...

...@... .......
########.......
#..............
#..§.......
#..#....... ##†#
....... #..# .......
#.#@# ....... #.#@.#
###^### .. #....##
.# . #...### # #.
##.######### #.##
##.# #.....#
####...##..###.....#
..........#........#
......†.....##.#####


You could see Jessica.

Vanquished Creatures
  2 dart slugs (D:1)
  2 giant cockroaches
  2 goblins
  3 hobgoblins
  6 kobolds (D:1)
  2 quokkas
  5 ball pythons (D:2)
  6 bats
  A frilled lizard (D:1)
  3 rats
32 creatures vanquished.

Vanquished Creatures (others)
  5 plants (D:1)
5 creatures vanquished.

Grand Total: 37 creatures vanquished

Notes
Turn   | Place    | Note
-------+----------+-------------------------------------------
     0 | Abyss:1  | Dabor the Formicid Abyssal Knight began the quest for the
                  | Orb.
     0 | Abyss:1  | Reached XP level 1. HP: 18/18 MP: 2/2
    31 | Abyss:1  | Found a corrupted altar of Lugonu.
    84 | Abyss:1  | Noticed a large abomination
    87 | Abyss:1  | Noticed an iron imp
    88 | D:1      | Escaped the Abyss
   181 | D:1      | Reached skill level 1 in Dodging
   195 | D:1      | Reached XP level 2. HP: 11/24 MP: 3/3
   203 | D:1      | Reached ** piety under Lugonu
   815 | D:1      | Reached XP level 3. HP: 29/29 MP: 4/4
  1122 | D:2      | Found a faded altar of an unknown god.
  1122 | D:2      | Found a blossoming altar of Fedhas.
  1297 | D:2      | Noticed Jessica
  1336 | D:2      | Killed from afar by Jessica

Illustrated notes

Levels and vault maps discovered:
D:1:      psy_arrival_basics, layout_loops_ring, grunt_decor_fettered,
          serial_bayou_lake_a
D:2:      layout_rooms, nicolae_ecumenical_snake_handling, basic_altar,
          bh_walls_and_bars, uniq_jessica

Skill      XL: |  1 |
---------------+----+-----
Dodging        | 1 |  1.3
Fighting       | |  3.7
Polearms       | |  2.3
Armour         | |  2.6
Invocations    | |  2.7

Action                   || total
-------------------------++-------
Melee: Spear             ||   107
       Punch             ||     1
Invok: Depart the Abyss  ||     1
  Use: Scroll            ||     1
       Potion            ||     1
 Stab: Sleeping          ||     1
Armor: Leather armour    ||    34
Dodge: Dodged            ||    55

Table legend: (Time is in decaauts)
 A = Elapsed time spent in this place.
 B = Non-inter-level travel time spent in this place.
 C = Inter-level travel time spent in this place.
 D = Time resting spent in this place.
 E = Time spent auto-exploring this place.
 F = Levels seen in this place.
 G = Mean time per level.
                   A        B        C        D        E       F      G
               +--------+--------+--------+--------+--------+-----+--------+
         Total |   1380 |   1360 |     20 |    194 |    768 |   3 |  460.0 |
       Dungeon |   1289 |   1269 |     20 |    194 |    758 |   2 |  644.5 |
         Abyss |     91 |     91 |      0 |      0 |     10 |   1 |   91.0 |
               +--------+--------+--------+--------+--------+-----+--------+

Top non-repeatable levels by time:
     D:1: 1055 daAuts
     D:2: 233 daAuts
 Abyss:1: 91 daAuts
